 Dungeon Crawl Stone Soup version 0.27-a0-1105-g946c659c87 (webtiles) character file.

Game seed: 4819524090876429215

364 Hasart the Chopper (level 7, 0/55 HPs)
             Began as a Formicid Fighter on May 1, 2021.
             Was an Initiate of Gozag.
             Slain by a black bear (10 damage)
             ... on level 4 of the Dungeon.
             The game lasted 00:07:28 (3840 turns).

Hasart the Chopper (Formicid Fighter)               Turns: 3840, Time: 00:07:28

Health: 0/55       AC:  6    Str: 23    XL:     7   Next: 0%
Magic:  7/7        EV:  8    Int:  7    God:    Gozag
Gold:   94         SH:  9    Dex: 10    Spells: 6/6 levels left

rFire    . . .     SeeInvis +   a - +0 war axe
rCold    . . .     Faith    .   c - +0 kite shield
rNeg     . . .     Spirit   .   b - +0 scale mail
rPois    .         Reflect  .   (helmet unavailable)
rElec    .         Harm     .   (no cloak)
rCorr    .         Rampage  .   (no gloves)
Will     .....                  (no boots)
Stlth    ..........             (no amulet)
HPRegen  0.18/turn              (no ring)
MPRegen  0.10/turn              (no ring)

@: no status effects
A: permanent stasis, dig shafts and tunnels, antennae 3, four strong arms
a: Dig, Shaft Self, Renounce Religion, Potion Petition, Call Merchant, Bribe
Branch


You were on level 4 of the Dungeon.
You worshipped Gozag.
Gozag was noncommittal.
You visited 1 branch of the dungeon, and saw 4 of its levels.

You collected 94 gold pieces.

Inventory:

Hand Weapons
 a - a +0 war axe (weapon)
 j - a +0 halberd
 k - a +0 flail
 r - a +2 falchion of flaming
Missiles
 i - 3 javelins (quivered)
Armour
 b - a +0 scale mail (worn)
 c - a +0 kite shield (worn)
Jewellery
 q - a ring of magical power
Scrolls
 d - 2 scrolls of enchant weapon {unknown}
 f - a scroll of fog {unknown}
 g - a scroll of immolation {unknown}
 h - a scroll of enchant armour {unknown}
 o - a scroll of teleportation {unknown}
 s - a scroll of identify {unknown}
 t - a scroll of vulnerability {unknown}
Potions
 e - 2 potions of curing {unknown}
 l - a potion of invisibility {unknown}
 m - 2 potions of magic {unknown}
 n - a potion of cancellation {unknown}
 p - 2 potions of brilliance {unknown}


   Skills:
 + Level 4.9 Fighting
 * Level 5.2 Axes
 + Level 2.6 Throwing
 - Level 3.2 Armour
 - Level 3.6 Shields


You had 6 spell levels left.
You didn't know any spells.
Your spell library contained the following spells:

 Spells                   Type           Power      Damage    Failure   Level
 Magic Dart               Conj           0%         1d3       98%         1
 Call Imp                 Summ           0%         N/A       99%         2
 Searing Ray              Conj           0%         3d3       99%         2
 Slow                     Hex            0%         N/A       99%         2
 Conjure Flame            Conj/Fire      0%         6-21      100%        3
 Dazzling Flash           Conj/Hex       0%         N/A       100%        3
 Mephitic Cloud           Conj/Pois/Air  0%         N/A       100%        3
 Fulminant Prism          Conj/Hex       0%         3d6       100%        4
 Iskenderun's Mystic Bla  Conj/Tloc      0%         2d3       100%        4
 Blink                    Tloc           Unusable   N/A       N/A         2

Dungeon Overview and Level Annotations

Branches:
Dungeon (4/15)
 Temple: D:4-7

Altars:
Gozag
The Shining One

Shops:
D:2 [

Annotations:
D:3 1 runed translucent door, Crazy Yiuf


Innate Abilities, Weirdness & Mutations

You cannot be hasted, slowed, berserked, paralysed or teleported.
You can dig through walls and to a lower floor.
You have a pair of large antennae on your head. (SInv)
Your four strong arms can wield two-handed weapons with a shield.


Message History

You barely miss the black bear.
The black bear is severely wounded.
The black bear bites you but does no damage.
You block the black bear's attack. x3; The black bear completely misses you.
The black bear claws you but does no damage.
The black bear bites you. The black bear claws you.
The black bear barely misses you.
You hit the black bear.
The black bear is almost dead.
The black bear bites you! The black bear closely misses you.
You block the black bear's attack. The black bear barely misses you.
The black bear claws you.
The black bear claws you but does no damage.
Unknown command.
You closely miss the black bear.
The black bear is almost dead.
The black bear bites you. The black bear claws you.
* * * LOW HITPOINT WARNING * * *
The black bear claws you but does no damage.
The black bear completely misses you. You block the black bear's attack.
The black bear claws you.
* * * LOW HITPOINT WARNING * * *
You closely miss the black bear.
The black bear is almost dead.
The black bear bites you.
* * * LOW HITPOINT WARNING * * *
The black bear claws you but does no damage.
You block the black bear's attack. x3; The black bear claws you.
* * * LOW HITPOINT WARNING * * *
You hit the black bear.
The black bear is almost dead.
You block the black bear's attack. The black bear barely misses you.
The black bear closely misses you. The black bear barely misses you.
You block the black bear's attack. The black bear barely misses you.
Unknown command.
You hit the black bear.
The black bear is almost dead.
The black bear bites you!
You die...
Your body crumbles into a pile of gold.

### .... ^..# #####
[.. ...#
####.####.## #####
#.....>#...#####...#
#.>..h@..#.........#
#.##.###...###.#)..#
# ##.## #.##.## ##
#.# #.##.# .. #.#
#.##.###.. ...
#......... .#.
####.##.#. #. .#
#.)..# ## ## ##..##


You could see a black bear (berserk).

Vanquished Creatures
  A necrophage (D:4)
  An ogre (D:3)
  An orc priest (D:3)
  A hound (D:3)
  An iguana (D:3)
  4 gnolls
  2 worms
  2 dart slugs
  8 orcs
  6 ball pythons
  4 bats
  3 endoplasms
  2 giant cockroaches
  6 goblins
  A hobgoblin (D:2)
  6 jackals
  2 quokkas (D:3)
  2 frilled lizards (D:1)
  4 kobolds
  5 rats
62 creatures vanquished.

Notes
Turn   | Place    | Note
-------+----------+-------------------------------------------
     0 | D:1      | Hasart the Formicid Fighter began the quest for the Orb.
     0 | D:1      | Reached XP level 1. HP: 18/18 MP: 1/1
   253 | D:1      | Reached XP level 2. HP: 23/24 MP: 2/2
   947 | D:2      | Reached XP level 3. HP: 24/30 MP: 3/3
   952 | D:2      | Reached skill level 3 in Axes
  1246 | D:2      | Found Piehet's Antique Armour Emporium.
  1589 | D:1      | Reached XP level 4. HP: 8/37 MP: 4/4
  2372 | D:3      | Reached skill level 1 in Throwing
  2372 | D:3      | Reached XP level 5. HP: 42/42 MP: 5/5
  2416 | D:3      | Noticed an ogre
  2431 | D:3      | Killed an ogre
  2432 | D:3      | Reached skill level 4 in Axes
  2745 | D:3      | Reached XP level 6. HP: 45/49 MP: 6/6
  2764 | D:4      | Noticed a necrophage
  2775 | D:4      | Killed a necrophage
  2913 | D:3      | Reached skill level 5 in Axes
  3116 | D:3      | Found a faded altar of an unknown god.
  3216 | D:3      | Became a worshipper of Gozag Ym Sagoz the Greedy
  3435 | D:3      | Found a runed translucent door.
  3436 | D:3      | Noticed Crazy Yiuf
  3760 | D:4      | Reached XP level 7. HP: 55/55 MP: 7/7
  3784 | D:4      | Found a glowing golden altar of the Shining One.
  3840 | D:4      | Slain by a black bear

Illustrated notes

Levels and vault maps discovered:
D:1:      lightli_arrival_statuegarden, layout_loops_corners
D:2:      layout_rooms, serial_shops, shop, dk_vineyard_2
D:3:      layout_basic, hellmonk_ecumenical_altar_inner_sanctum,
          uniq_crazy_yiuf_cottage
D:4:      layout_loops_ring, tso_metal_star, corexii_hall_statues_x

Skill      XL: |  1  2  3  4  5  6 |
---------------+-------------------+-----
Axes           | 3 4 5 |  5.2
Fighting       | 4 |  4.9
Throwing       | 1 2 |  2.6
Armour         | |  3.2
Shields        | |  3.6

Action                   |  1- 3 |  4- 6 |  7- 9 || total
-------------------------+-------+-------+-------++-------
Melee: War axe           |    83 |    93 |    13 ||   189
       Halberd           |    10 |       |       ||    10
Throw: Javelin           |       |     5 |       ||     5
  Use: Potion            |       |     1 |       ||     1
Armor: Scale mail        |    36 |    40 |    15 ||    91
Dodge: Dodged            |    28 |    32 |    15 ||    75
Block: Kite shield       |    42 |    55 |    16 ||   113

Table legend: (Time is in decaauts)
 A = Elapsed time spent in this place.
 B = Non-inter-level travel time spent in this place.
 C = Inter-level travel time spent in this place.
 D = Time resting spent in this place.
 E = Time spent auto-exploring this place.
 F = Levels seen in this place.
 G = Mean time per level.
                   A        B        C        D        E       F      G
               +--------+--------+--------+--------+--------+-----+--------+
         Total |   3944 |   3828 |    116 |    717 |   2488 |   4 |  986.0 |
       Dungeon |   3944 |   3828 |    116 |    717 |   2488 |   4 |  986.0 |
               +--------+--------+--------+--------+--------+-----+--------+

Top non-repeatable levels by time:
     D:1: 1614 daAuts
     D:3: 1390 daAuts
     D:2: 666 daAuts
     D:4: 273 daAuts
